 Dungeon Crawl Stone Soup version 0.29.1-2-gbd0b4ee654 (webtiles) character file.

Game seed: 11743377822899741974

61 tkbsonic5 the Ruffian (level 3, -11/29 HPs)
             Began as a Demigod Transmuter on Nov 28, 2022.
             Mangled by a gnoll
             ... wielding a +0 halberd
              (15 damage)
             ... on level 2 of the Dungeon.
             The game lasted 00:07:36 (2088 turns).

tkbsonic5 the Ruffian (Demigod Transmuter)          Turns: 2088, Time: 00:07:37

Health: -11/29     AC:  3    Str: 15    XL:     3   Next: 58%
Magic:  3/8        EV: 11    Int: 15    God:
Gold:   50         SH:  3    Dex: 14    Spells: 0/6 levels left

rFire   . . .      SeeInvis .   f - +2 dagger (venom)
rCold   . . .      Faith    .   h - +0 buckler
rNeg    . . .      Spirit   .   a - +0 robe
rPois   .          Reflect  .   (no helmet)
rElec   .          Harm     .   (no cloak)
rCorr   .          Rampage  .   (no gloves)
Will    .....                   d - +0 pair of boots
Stlth   +.........              (no amulet)
HPRegen 0.09/turn               (no ring)
MPRegen 0.11/turn               (no ring)

@: weak-willed, wereblooded, very slightly contaminated
A: high MP 1, forlorn, divine attributes
a: no special abilities


You were on level 2 of the Dungeon.
You visited 1 branch of the dungeon, and saw 2 of its levels.

You collected 50 gold pieces.

Inventory:

Hand Weapons
 f - a +2 dagger of venom (weapon)
Armour
 a - a +0 robe (worn)
 d - a +0 pair of boots (worn)
 g - a +0 ring mail
 h - a +0 buckler (worn)
 i - the +2 robe of Resonance {rN+}
   (You found it on level 2 of the Dungeon)

   rN:        It protects you from negative energy.
Magical Staves
 e - a staff of fire
Scrolls
 j - 2 scrolls of magic mapping


   Skills:
 * Level 1.9 Fighting
 - Level 1.7 Dodging
 * Level 3.2 Unarmed Combat
 * Level 2.1 Spellcasting
 * Level 2.3 Transmutations
 * Level 0.3 Poison Magic


You couldn't memorise any spells.
You knew the following spells:

 Your Spells              Type           Power      Damage    Failure   Level
a - Beastly Appendage     Tmut           16%        N/A       12%         1
b - Wereblood             Tmut           8%         N/A       17%         2
c - Spider Form           Tmut/Pois      5%         N/A       45%         3

Your spell library contained the following spells:

 Spells                   Type           Power      Damage    Failure   Level
 Gell's Gravitas          Tloc           1%         N/A       65%         3
 Lesser Beckoning         Tloc           1%         N/A       65%         3
 Teleport Other           Tloc           1%         N/A       65%         3
 Ice Form                 Ice/Tmut       5%         N/A       88%         4


Dungeon Overview and Level Annotations

Branches:
Dungeon (2/15)


Innate Abilities, Weirdness & Mutations

You have an increased reservoir of magic. (+10% MP)
You shall have no god before yourself.
Your divine heritage dramatically boosts your attributes as you level up.


Message History

The kobold shouts!
Found a faintly humming robe.
There is an open door here.
You see here the +2 robe of Resonance {rN+}.
i - the +2 robe of Resonance {rN+}
There is an open door here.
Casting: Beastly Appendage (safe; 12% risk of failure)
Confirm with . or Enter, or press ? or * to list all spells.
Your blood is infused with primal strength.
You aren't carrying any potions.
As you read the scroll labelled CERERO ODEOCIA, it crumbles to dust.
Magic quickly surges around you.
It was a scroll of vulnerability.
The gnoll hits you from afar with a +0 halberd!
You completely miss the kobold. The gnoll barely misses you.
The kobold hits you with a +0 short sword.
You hit the kobold.
The kobold is poisoned.
The kobold is heavily wounded.
The gnoll hits you from afar with a +0 halberd.
* * * LOW HITPOINT WARNING * * *
The kobold hits you but does no damage.
Okay, then.
The kobold attacks as you move away! The kobold barely misses you.
You kill the kobold!
Found 3 boomerangs.
As you read the scroll labelled ZYUVES RUCE, it crumbles to dust.
It is a scroll of enchant weapon.
Your +1 dagger of venom glows red for a moment.
The gnoll closely misses you.
Casting: Wereblood (safe; 17% risk of failure)
Confirm with . or Enter, or press ? or * to list all spells.
Okay, then.
Casting: Wereblood (safe; 17% risk of failure)
Confirm with . or Enter, or press ? or * to list all spells.
The spell is extremely dangerous to miscast (45% risk of failure)!
Continue anyway?
You miscast Spider Form.
You are very lightly contaminated with residual magic.
Multicoloured lights dance before your eyes.
The gnoll hits you from afar with a +0 halberd!
Ouch! That really hurt!
You die...

*,*,#.......,,...####.#.###.
*,*,#......#########........
*,*,+....>...)..............
*,**#........#######....)...
*,* ##...⌠#).....# #........
*,* ##_..#'####.###.######.
*,* #...∩.g.....#......g...
*,**##...........#.#.#######
*,,,.......@.....#.#.#......
****##...........#,#.#......
#...........#,#)#......
#..........##,#.#......
#..........#*,#.#......
#..........#*,#.#####.#
#....(.....#*,...,,*#.#
###'########*,.#.*,*#..
*,*********.....,,###


You could see a gnoll (weak-willed).

Vanquished Creatures
  2 gnolls (D:2)
  3 ball pythons
  2 endoplasms
  2 giant cockroaches (D:1)
  2 goblins (D:2)
  4 hobgoblins
  9 jackals
  5 kobolds
  3 bats (D:1)
  4 frilled lizards
  2 rats (D:1)
38 creatures vanquished.

Notes
Turn   | Place    | Note
-------+----------+-------------------------------------------
     0 | D:1      | tkbsonic5 the Demigod Transmuter began the quest for the
                  | Orb.
     0 | D:1      | Reached XP level 1. HP: 15/15 MP: 5/5
    79 | D:1      | Reached skill level 1 in Fighting
   502 | D:1      | Reached XP level 2. HP: 11/23 MP: 7/7
   671 | D:1      | Learned a level 2 spell: Wereblood
   762 | D:1      | Reached skill level 3 in Unarmed Combat
  1603 | D:2      | Reached XP level 3. HP: 21/29 MP: 8/8
  1607 | D:2      | Learned a level 3 spell: Spider Form
  2077 | D:2      | Identified the +2 robe of Resonance {rN+}
  2088 | D:2      | Mangled by a gnoll

Illustrated notes

Levels and vault maps discovered:
D:1:      minmay_arrival_stair_chambers, layout_basic
D:2:      layout_basic, serial_glass, glass_columns_b, glass_columns_a,
          ebering_ecumenical_altar_abandoned, basic_altar,
          hangedman_decor_slide_cut

Skill      XL: |  1  2 |
---------------+-------+-----
Fighting       | 1 |  1.9
Transmutations | 2 |  2.3
Unarmed Combat | 3 |  3.2
Spellcasting   | 2 |  2.1
Dodging        | |  1.7
Poison Magic   | |  0.3

Action                   || total
-------------------------++-------
Melee: Unarmed           ||    93
       Kick              ||    13
       Headbutt          ||     9
       Punch             ||     2
       Dagger            ||    19
 Cast: Beastly Appendage ||    18
       Wereblood         ||     3
  Use: Potion            ||     4
       Scroll            ||     7
 Stab: Sleeping          ||     3
Armor: Robe              ||    26
       Skin              ||     8
Dodge: Dodged            ||    50
Block: Buckler           ||     2
